 Dungeon Crawl Stone Soup version 0.28.0 (webtiles) character file.

Game seed: 15685941417639323562

447855 GordonOverkill the Cloud Mage (level 23, -5/126 HPs)
             Began as a Spriggan Summoner on Feb 12, 2022.
             Was the Champion of Vehumet.
             Killed from afar by an acid blob (12 damage)
             ... with a splash of acid
             ... on level 5 of the Pits of Slime on Feb 13, 2022.
             The game lasted 06:02:15 (136275 turns).

GordonOverkill the Cloud Mage (Spriggan Summoner) Turns: 136275, Time: 06:02:15

Health: -5/126     AC: 14    Str: 12    XL:     23   Next: 14%
Magic:  12/46      EV: 31    Int: 32    God:    Vehumet [******]
Gold:   3725       SH:  0    Dex: 26    Spells: 20/58 levels left

rFire   + . .      SeeInvis +   y - staff of air
rCold   + + .      Faith    .   (shield currently unavailable)
rNeg    . . .      Spirit   .   C - +5 robe of Night {Dark Will+ SInv}
rPois   .          Reflect  .   E - +4 hat "Laeloa Wese" {rCorr Dex+2}
rElec   +          Harm     .   u - +2 cloak
rCorr   +          Rampage  .   (gloves unavailable)
Will    +++++      Clarity  +   (boots unavailable)
Stlth   ++++......              e - amulet of magic regeneration
HPRegen 0.31/turn               n - ring of Jipahel {rF+ rC+ Str+6 Dex+4 SInv}
MPRegen 0.70/turn               S - ring of Citopn {rElec rC+ Int+7}

@: very slightly contaminated, studying 2 skills, very quick
A: very small, no large weapons, unfitting armour, see invisible, speed 3, agile
1, clarity, strong 1
}: 2/15 runes: decaying, serpentine
a: Renounce Religion


You were on level 5 of the Pits of Slime.
You worshipped Vehumet.
Vehumet was exalted by your worship.
You visited 10 branches of the dungeon, and saw 48 of its levels.
You visited 1 bazaar.
You also visited: Sewer and Ice Cave.

You collected 11176 gold pieces.
You spent 7451 gold pieces at shops.

Inventory:

Hand Weapons
 k - a +8 trident of electrocution
Missiles
 A - 2 throwing nets
 H - 21 curare-tipped darts
Armour
 r - a +2 robe of fire resistance
 u - a +2 cloak (worn)
 C - the +5 robe of Night (worn) {Dark Will+ SInv}
   (You found it on level 7 of the Dungeon)

   It shrouds the wearer in darkness, reducing the range at which they can see
   and be seen by others.
   SInv:      It lets you see invisible.
   Will:      It increases your willpower.
 E - the +4 hat "Laeloa Wese" (worn) {rCorr Dex+2}
   (You acquired it on level 6 of the Dungeon)

   Dex:       It affects your dexterity (+2).
   rCorr:     It protects you from acid and corrosion.
 W - a +2 buckler
Magical Staves
 y - a staff of air (weapon)
Jewellery
 a - a ring of wizardry
 e - an amulet of magic regeneration (around neck)
 n - the ring of Jipahel (left hand) {rF+ rC+ Str+6 Dex+4 SInv}
   (You took it off a deep elf sorcerer on level 3 of the Elven Halls)

   [ring of strength]

   Str:       It affects your strength (+6).
   Dex:       It affects your dexterity (+4).
   rF:        It protects you from fire.
   rC:        It protects you from cold.
   SInv:      It lets you see invisible.
 w - a ring of poison resistance
 P - a ring of flight
 R - the ring "Xearuwkizack" {rN++ Int+6 Dex+4 SInv}
   (You found it on level 3 of the Snake Pit)

   [ring of intelligence]

   Int:       It affects your intelligence (+6).
   Dex:       It affects your dexterity (+4).
   rN:        It greatly protects you from negative energy.
   SInv:      It lets you see invisible.
 S - the ring of Citopn (right hand) {rElec rC+ Int+7}
   (You acquired it on level 1 of the Snake Pit)

   [ring of protection from cold]

   Int:       It affects your intelligence (+7).
   rC:        It protects you from cold.
   rElec:     It insulates you from electricity.
Wands
 f - a wand of charming (12)
 j - a wand of digging (6)
 o - a wand of paralysis (15)
 J - a wand of iceblast (36)
 M - a wand of acid (37)
Scrolls
 c - 14 scrolls of enchant armour
 h - 6 scrolls of fog
 p - 24 scrolls of teleportation
 q - 2 scrolls of summoning
 t - 4 scrolls of magic mapping
 v - 3 scrolls of holy word
 K - 2 scrolls of amnesia
 O - 6 scrolls of fear (quivered)
 Q - 16 scrolls of identify
 U - 2 scrolls of silence
 Z - 5 scrolls of vulnerability
Potions
 b - 12 potions of curing
 g - 7 potions of heal wounds
 i - 5 potions of magic
 l - 9 potions of brilliance
 m - 3 potions of ambrosia
 s - 3 potions of cancellation
 z - 7 potions of invisibility
 D - 8 potions of lignification
 F - 8 potions of flight
 I - 6 potions of mutation
 L - 4 potions of resistance
 N - 4 potions of berserk rage {unknown}
 T - 3 potions of might
 X - 4 potions of haste
Miscellaneous
 d - a tin of tremorstones (2/2)
 x - a phantom mirror
 B - a phial of floods
 G - a box of beasts
 V - a condenser vane


   Skills:
 - Level 15.0 Fighting
 - Level 5.0 Polearms
 - Level 2.0 Throwing
 - Level 12.0 Dodging
 - Level 5.0 Stealth
 - Level 4.0 Shields
 - Level 18.0 Spellcasting
 + Level 17.4 Conjurations
 - Level 7.0 Summonings
 - Level 2.0 Ice Magic
 + Level 22.4 Air Magic
 - Level 10.0 Evocations


You had 20 spell levels left.
You knew the following spells:

 Your Spells              Type           Power      Damage    Failure   Level
c - Summon Lightning Spi  Summ/Air       100%       N/A       1%          4
f - Airstrike             Air            65%        N/A       0%          4
g - Conjure Ball Lightni  Conj/Air       62%        3x3d22    1%          6
h - Maxwell's Capacitive  Air            65%        ∞         1%          8
i - Storm Form            Tmut/Air       50%        N/A       12%         7
j - Chain Lightning       Conj/Air       62%        3d83      11%         9

Your spell library contained the following spells:

 Spells                   Type           Power      Damage    Failure   Level
 Fire Storm               Conj/Fire      35%        8d9       100%        9
 Polar Vortex             Ice            20%        N/A       100%        9
 Magic Dart               Conj           100%       1d8       0%          1
 Static Discharge         Conj/Air       100%       N/A       0%          2
 Mephitic Cloud           Conj/Pois/Air  100%       N/A       0%          3
 Lightning Bolt           Conj/Air       62%        1d86      0%          5
 Slow                     Hex            100%       N/A       1%          1
 Summon Small Mammal      Summ           100%       N/A       1%          1
 Call Imp                 Summ           65%        N/A       1%          2
 Corpse Rot               Necr/Air       100%       N/A       1%          2
 Ensorcelled Hibernation  Hex/Ice        70%        N/A       1%          2
 Sublimation of Blood     Necr           28%        N/A       1%          2
 Call Canine Familiar     Summ           65%        N/A       1%          3
 Dazzling Flash           Conj/Hex       100%       N/A       1%          3
 Frozen Ramparts          Ice            82%        1d10      1%          3
 Summon Guardian Golem    Hex/Summ       50%        N/A       1%          3
 Iskenderun's Mystic Bla  Conj/Tloc      71%        2d14      1%          4
 Sticky Flame             Conj/Fire      71%        2d8       1%          4
 Summon Ice Beast         Ice/Summ       55%        N/A       1%          4
 Fireball                 Conj/Fire      35%        3d15      1%          5
 Irradiate                Conj/Tmut      35%        3d25      1%          5
 Starburst                Conj/Fire      35%        6d10      1%          6
 Confusing Touch          Hex            28%        N/A       4%          3
 Portal Projectile        Hex/Tloc       56%        N/A       4%          3
 Spider Form              Tmut/Pois      28%        N/A       4%          3
 Vampiric Draining        Necr           28%        2d8       4%          3
 Summon Mana Viper        Hex/Summ       50%        N/A       9%          5
 Yara's Violent Unravell  Hex/Tmut       14%        3d7       11%         5
 Anguish                  Hex/Necr       14%        N/A       13%         4
 Dispel Undead            Necr           28%        3d13      13%         4
 Leda's Liquefaction      Hex/Erth       14%        N/A       13%         4
 Petrify                  Tmut/Erth      28%        N/A       13%         4
 Monstrous Menagerie      Summ           32%        N/A       54%         7
 Dispersal                Tloc           14%        N/A       90%         6
 Enfeeble                 Hex            14%        N/A       100%        7
 Disjunction              Tloc           14%        N/A       100%        8
 Ignition                 Fire           14%        3d6       100%        8


Dungeon Overview and Level Annotations

Branches:
Dungeon (15/15)            Temple (1/1) D:7            Lair (6/6) D:11
  Swamp (4/4) Lair:4        Snake (4/4) Lair:3        Slime (5/5) Lair:6
    Orc (2/2) D:11            Elf (3/3) Orc:2        Vaults (4/5) D:14
  Crypt (0/3) Vaults:3     Depths (4/4) D:15            Zot (0/5) Depths:4
  Sewer (visited)           IceCv (visited)

Altars:
Ashenzari
Cheibriados
Dithmenos
Elyvilon
Fedhas
Gozag
Hepliaklqana
Kikubaaqudgha
Makhleb
Nemelex Xobeh
Okawaru
Qazlal
Sif Muna
Trog
Uskayaw
Vehumet
Wu Jian
Xom
Yredelemnul
Zin
The Shining One

Shops:
D:5 *   Orc:2 ![:*   Elf:1 !   Elf:3 ***   Snake:1 [[*[   Snake:3 :*!
Vaults:1 =   Depths:4 =:=

Portals:
Hell: Depths:1 Depths:2 Depths:3 Depths:4
Abyss: Swamp:1
Pandemonium: Depths:2
Ziggurat: Depths:1

Annotations:
D:2 exclusion: downstairs
D:6 1 runed translucent door, stil's ghost, novice DEFE
D:8 Erica
Lair:5 1 runed translucent door, Mumum's ghost, journeyman DrFE
Swamp:1 2 transporters, Vudadgh's ghost, adept HuWr
Snake:1 Roxanne
Slime:3 exclusion: downstairs
Elf:1 3 runed translucent doors
Vaults:4 36 runed doors
Depths:3 1 runed translucent door


Innate Abilities, Weirdness & Mutations

You are very small and have problems with some larger weapons.
You are too small for most types of armour.
You have supernaturally acute eyesight. (SInv)
You cover ground extremely quickly. (Speed+++)
You are agile. (Dex +2)
You possess an exceptional clarity of mind.
Your muscles are strong. (Str +2)


Message History

Unknown command.
Unknown command.
Okay, then.
Unknown command.
Unknown command.
Unknown command.
Unknown command.
Unknown command.
Unknown command.
Casting: Airstrike (safe; 0% risk of failure)
Confirm with . or Enter, or press ? or * to list all spells.
Okay, then.
Unknown command.
Unknown command.
Okay, then.
Unknown command.
Unknown command.
Unknown command.
Okay, then.
Okay, then.
Okay, then.
Unknown command.
Okay, then.
Unknown command.
Unknown command.
Unknown command.
Casting: Airstrike (safe; 0% risk of failure)
Confirm with . or Enter, or press ? or * to list all spells.
The spell is quite dangerous to miscast (11% risk of failure)!
Continue anyway?
You feel a surge of power!
You miscast Chain Lightning.
You are very lightly contaminated with residual magic.
You feel a strange surge of energy!
* * * LOW HITPOINT WARNING * * *
The quicksilver ooze closely misses you.
The quicksilver ooze hits you.
* * * LOW HITPOINT WARNING * * *
You feel your power leaking away. The acid blob spits acid at you.
The splash of acid hits you! You resist.
You die...

............
............
............
......J.....
.....JJJ...#
....JJ@JJ#
.....JJJ##
......J.#
........#
.......##
......##


You could see 2 acid blobs, 6 azure jellies, 2 rockslimes and 2 quicksilver
oozes.

Vanquished Creatures
  the Royal Jelly (Slime:5)
  Dissolution (Slime:4)
  Vashnia (Snake:3)
  Xtahua (Vaults:4)
  2 golden dragons
  Nikola (Snake:3)
  Jorgrun (Snake:1)
  2 deep elf blademasters (Elf:3)
  Mlioglotl (Snake:3)
  8 liches
  2 deep elf master archers (Elf:3)
  17 acid blobs
  2 titans (Depths:3)
  A shadow dragon (Depths:4)
  2 thorn hunters
  2 tengu reavers
  2 storm dragons (Depths:3)
  2 draconian monks (Depths:4)
  5 azure jellies
  6 nagarajas
  8 rockslimes
  5 frost giants
  4 fire giants (Depths:3)
  11 vault wardens
  7 deep elf sorcerers (Elf:3)
  Aizul (Snake:1)
  An iron dragon (Elf:1)
  An orc warlord (Vaults:3)
  Louise (D:15)
  6 deep elf elementalists
  A draconian annihilator (Depths:4)
  A spriggan defender (Depths:1)
  5 quicksilver oozes
  2 angels (Vaults:1)
  The ghost of nogo the Imperceptible, an adept SpEn of Ashenzari (Snake:4)
  14 ironbound preservers
  A reaper (Depths:2)
  2 war gargoyles
  9 stone giants
  6 ironbound thunderhulks
  3 green draconians (Depths:4)
  4 very ugly things (Depths:2)
  2 vampire knights (Depths:1)
  A yellow draconian (Depths:4)
  9 deep elf demonologists
  16 dire elephants
  A black draconian (Depths:4)
  7 eleionomae
  3 deep elf annihilators (Elf:3)
  An entropy weaver (Vaults:4)
  A purple draconian (Depths:4)
  3 bunyips
  6 spark wasps
  A blizzard demon (Depths:2)
  10 deep elf death magi
  4 ettins
  9 fire dragons
  2 green deaths
  8 deep elf high priests
  2 rakshasas (Depths:2)
  2 jiangshi
  7 yaktaur captains
  5 great orbs of eyes
  5 boulder beetles
  A hell beast (Depths:2)
  10 vault guards
  25 hydras
  A catoblepas (Lair:6)
  5 ice dragons
  21 naga warriors
  An anaconda (Snake:1)
  3 death knights
  A ghost crab (Swamp:3)
  A peacekeeper (Vaults:1)
  3 salamander tyrants (Snake:4)
  3 spriggan air magi
  A centaur warrior (Vaults:1)
  6 ironbound frosthearts
  11 alligators
  32 dancing weapons
  3 tengu warriors
  3 deep troll shamans
  A two-headed ogre (D:10)
  3 vampire magi
  8 deep troll earth magi
  3 death yaks (Lair:6)
  A titan zombie (Vaults:2)
  10 naga sharpshooters
  4 shock serpents
  7 spriggan berserkers
  21 deep elf knights
  14 hell knights
  3 soul eaters (Depths:2)
  10 spriggans
  A sun demon (Depths:2)
  A sixfirhy (Depths:2)
  A storm dragon skeleton (D:15)
  A salamander mystic (Snake:4)
  4 skeletal warriors
  3 iron trolls (Depths:3)
  2 spriggan druids (Swamp:2)
  2 goliath frogs
  A death drake (shapeshifter) (Elf:2)
  54 deep trolls
  An orange crystal statue (Elf:1)
  5 naga ritualists
  8 deep elf archers
  2 flayed ghosts
  16 swamp dragons
  10 wizards
  A glowing orange brain (Slime:5)
  10 bog bodies
  23 deep elf pyromancers
  12 ironbound convokers
  5 orc knights
  2 obsidian statues
  2 tengu zombies
  9 necromancers
  A phantasmal warrior (D:15)
  31 deep elf zephyrmancers
  14 lindwurms
  27 ugly things
  A mana viper (shapeshifter) (Vaults:3)
  A manticore (shapeshifter) (Elf:2)
  9 mana vipers
  5 will-o-the-wisps
  A manticore (D:14)
  2 salamanders (Snake:2)
  3 orc sorcerers
  3 cyclopes
  4 shining eyes
  An elf zombie (Vaults:2)
  26 black mambas
  9 elephants
  Maurice (D:9)
  A torpor snail (shapeshifter) (Depths:4)
  11 vault sentinels
  An eye of devastation (Slime:5)
  A guardian serpent (Snake:2)
  13 naga magi
  A torpor snail (Lair:6)
  A cane toad (shapeshifter) (Elf:2)
  10 cane toads
  An orange demon (Depths:2)
  4 komodo dragons
  A freezing wraith (Vaults:3)
  19 yaktaurs
  2 rime drakes
  A red devil (Depths:2)
  A hellwing (Depths:1)
  A tormentor (Depths:2)
  7 trolls
  A yaktaur skeleton (Vaults:2)
  2 bloated husks
  4 polar bears
  8 tyrant leeches
  A tarantella (Vaults:4)
  3 meliai (D:15)
  83 slime creatures
  11 hornets
  3 blink frogs (Lair:4)
  A tarantella (shapeshifter) (Vaults:3)
  4 dream sheep
  A spriggan zombie (D:15)
  A fire giant simulacrum (Vaults:2)
  4 air elementals
  4 wyverns
  5 water elementals
  5 wraiths
  3 ynoxinuls
  3 basilisks
  28 yaks
  A fire elemental (Elf:2)
  6 golden eyes
  A redback (Vaults:4)
  2 vampire mosquitoes (Swamp:4)
  A steam dragon (Lair:3)
  2 wargs
  10 swamp worms
  45 nagas
  A floating eye (Depths:1)
  7 water moccasins
  A black bear (Lair:4)
  27 orc warriors
  A sky beast (shapeshifter) (Depths:4)
  4 sky beasts
  An ettin simulacrum (Vaults:4)
  4 human zombies
  7 swamp drakes (Swamp:4)
  4 boggarts (D:14)
  5 ogres
  9 wolves
  27 centaurs
  2 phantoms (D:5)
  2 kobold brigands
  9 bullfrogs
  4 earth elementals
  A glowing shapeshifter simulacrum (Vaults:2)
  A water moccasin skeleton (D:5)
  2 killer bees (D:9)
  6 wights
  An elephant simulacrum (IceCv)
  3 troll skeletons (Swamp:1)
  4 howler monkeys
  An electric eel (Lair:5)
  2 centaur zombies
  5 jellies
  9 orc priests
  2 gnoll shamans
  An iguana (D:7)
  13 orc wizards
  3 hell rats
  A polar bear simulacrum (IceCv)
  A hound zombie (D:5)
  8 gnolls
  2 adders
  A river rat (Sewer)
  A nameless horror (Lair:6)
  2 dart slugs
  45 orcs
  3 bats
  3 endoplasms
  2 giant cockroaches
  3 goblins
  8 hobgoblins
  3 jackals (D:5)
  15 kobolds
  3 quokkas
  2 ball pythons (Sewer)
  A frilled lizard (D:3)
  2 rats (Sewer)
1384 creatures vanquished.

Vanquished Creatures (collateral kills)
  2 nagarajas
  A quicksilver ooze (Slime:3)
  A dire elephant (Lair:6)
  Josephine (D:13)
  A jiangshi (Depths:1)
  6 hydras
  2 boulder beetles
  4 two-headed ogres
  3 centaur warriors
  A death knight (D:13)
  A tengu warrior (D:14)
  5 death yaks
  2 naga sharpshooters
  A deep elf knight (Elf:1)
  3 skeletal warriors
  2 bog bodies (Lair:4)
  A necromancer (D:14)
  A lindwurm (Lair:3)
  2 deep elf archers
  An orc knight (D:11)
  A deep elf pyromancer (D:8)
  4 ugly things
  A mana viper (Snake:3)
  A will-o-the-wisp (Swamp:1)
  2 slime creatures
  A frost giant zombie (D:15)
  A manticore (D:14)
  A salamander (Snake:3)
  A fire giant skeleton (D:15)
  8 elephants
  5 black mambas
  3 naga magi
  3 cane toads
  9 komodo dragons
  A yaktaur (Vaults:1)
  A freezing wraith (D:14)
  A guardian mummy (D:15)
  A tengu conjurer (D:13)
  2 trolls
  A polar bear (Lair:4)
  A nameless horror (D:4)
  A hornet (Swamp:1)
  2 blink frogs (Lair:4)
  3 dream sheep
  3 wyverns
  A spriggan (Swamp:1)
  3 shadows
  2 water elementals (Depths:1)
  A wraith (D:13)
  A vampire (D:10)
  A death yak simulacrum (IceCv)
  15 yaks
  A vampire mosquito (Swamp:4)
  2 basilisks
  5 nagas (Snake:3)
  2 acid dragons
  A warg (Orc:1)
  5 swamp worms
  8 water moccasins
  8 orc warriors
  2 black bears
  7 ogres
  A necrophage (D:4)
  14 wolves
  2 centaurs
  11 kobold brigands
  5 bullfrogs
  3 gnoll sergeants (D:11)
  A scorpion (D:4)
  A water moccasin zombie (D:5)
  7 killer bees
  A wight (D:8)
  An elephant simulacrum (IceCv)
  5 howler monkeys
  A bullfrog zombie (D:5)
  3 hounds
  2 orc priests
  A centaur skeleton (D:6)
  3 gnoll shamans
  5 centaur zombies
  5 orc wizards
  An iguana (D:4)
  A scorpion zombie (D:5)
  8 hell rats
  A wolf simulacrum (IceCv)
  A hound skeleton (D:4)
  A howler monkey zombie (D:10)
  16 gnolls
  2 howler monkey skeletons (D:4)
  4 adders
  4 river rats (Sewer)
  A shadow imp (D:5)
  2 white imps (D:8)
  4 dart slugs
  37 orcs
  4 endoplasms
  3 giant cockroaches
  3 goblins
  6 hobgoblins
  A jackal (D:5)
  6 quokkas
  5 ball pythons
  3 bats
  2 frilled lizards (D:2)
  28 kobolds
  18 rats
  2 ball lightnings
  A butterfly (D:7)
401 creatures vanquished.

Vanquished Creatures (others)
  A spriggan (Swamp:2)
  42 ball lightnings
  2 bushes (Lair:6)
  24 foxfires
  76 fungi
  104 plants
  14 toadstools (Lair:3)
  11 withered plants
274 creatures vanquished.

Grand Total: 2059 creatures vanquished

Notes
Turn   | Place    | Note
-------+----------+-------------------------------------------
     0 | D:1      | GordonOverkill the Spriggan Summoner began the quest for
                  | the Orb.
     0 | D:1      | Reached XP level 1. HP: 9/9 MP: 5/5
   336 | D:1      | Found a faded altar of an unknown god.
   357 | D:1      | Reached XP level 2. HP: 13/13 MP: 1/7
   360 | D:1      | Learned a level 2 spell: Call Imp
  1193 | D:1      | Reached XP level 3. HP: 16/16 MP: 5/8
  2815 | D:3      | Noticed a black bear
  3323 | D:3      | Reached skill level 1 in Air Magic
  3328 | D:3      | Killed a black bear
  3329 | D:3      | Reached skill level 2 in Air Magic
  3329 | D:3      | Reached XP level 4. HP: 21/21 MP: 2/11
  3329 | D:3      | Reached XP level 5. HP: 24/24 MP: 2/12
  3595 | D:3      | Reached skill level 5 in Stealth
  4204 | D:4      | Learned a level 4 spell: Summon Lightning Spire
  4266 | D:4      | Reached XP level 6. HP: 28/28 MP: 5/13
  4269 | D:4      | Reached skill level 3 in Air Magic
  4417 | D:4      | Noticed a nameless horror
  5445 | D:4      | Reached skill level 1 in Fighting
  5862 | D:4      | Reached skill level 5 in Spellcasting
  5862 | D:4      | Reached XP level 7. HP: 33/33 MP: 13/15
  6487 | D:4      | Killed a nameless horror
  6821 | D:5      | Entered Level 5 of the Dungeon
  6849 | D:5      | Found Kurywin's Assorted Antiques.
  6889 | D:5      | Reached skill level 4 in Air Magic
  6930 | D:5      | Bought a scroll labelled JASMUU POLLAD for 26 gold pieces
  6930 | D:5      | Bought a smoky grey potion for 23 gold pieces
  6930 | D:5      | Bought a scroll labelled NUINGY VASM for 26 gold pieces
  7606 | D:5      | Reached skill level 5 in Air Magic
  7917 | D:5      | Reached skill level 5 in Summonings
  8043 | D:5      | Reached XP level 8. HP: 39/39 MP: 12/16
  8839 | D:6      | Identified 2 scrolls of acquirement
  8839 | D:6      | Acquired the +4 hat "Laeloa Wese" {rCorr Dex+2}
  8848 | D:6      | Acquired 862 gold pieces
  9069 | D:6      | Found a shimmering altar of Xom.
  9069 | D:6      | Noticed stil's ghost (novice DEFE)
  9089 | D:6      | Found a runed translucent door.
  9099 | D:6      | Noticed a +0 falchion of chaos
  9134 | D:6      | Reached skill level 5 in Fighting
  9404 | D:6      | Found an ancient bone altar of Kikubaaqudgha.
  9563 | D:6      | Found a glowing drain.
  9632 | Sewer    | Entered a sewer
 11281 | D:6      | Reached XP level 9. HP: 36/48 MP: 14/18
 11477 | D:7      | Reached skill level 1 in Throwing
 11578 | D:7      | Found a staircase to the Ecumenical Temple.
 11587 | Temple   | Entered the Ecumenical Temple
 11622 | Temple   | Became a worshipper of Vehumet
 12064 | D:7      | Reached * piety under Vehumet
 12064 | D:7      | Offered knowledge of Sandblast by Vehumet.
 12523 | D:7      | Reached skill level 6 in Air Magic
 12891 | D:7      | Found the +5 robe of Night {Dark Will+ SInv}
 13303 | D:8      | Noticed a deep elf pyromancer
 13337 | D:8      | Killed a deep elf pyromancer
 13338 | D:8      | Reached skill level 7 in Air Magic
 13338 | D:8      | Reached XP level 10. HP: 43/53 MP: 10/23
 13970 | D:8      | Noticed a two-headed ogre
 14002 | D:8      | Killed a two-headed ogre
 14105 | D:8      | Noticed a centaur warrior
 14201 | D:8      | Noticed Erica
 14350 | D:8      | Reached ** piety under Vehumet
 14352 | D:8      | Offered knowledge of Static Discharge by Vehumet.
 14356 | D:8      | Learned a level 2 spell: Static Discharge
 15010 | D:8      | Reached skill level 1 in Polearms
 15187 | D:8      | Noticed a cyclops
 15189 | D:9      | Noticed Maurice
 15296 | D:9      | Offered knowledge of Frozen Ramparts by Vehumet.
 15323 | D:9      | Reached skill level 8 in Air Magic
 15330 | D:9      | Killed Maurice
 15721 | D:9      | Reached *** piety under Vehumet
 16045 | D:9      | Reached XP level 11. HP: 53/58 MP: 20/25
 16078 | D:9      | Learned a level 3 spell: Frozen Ramparts
 16431 | D:10     | Entered Level 10 of the Dungeon
 16431 | D:10     | Noticed a two-headed ogre
 16431 | D:10     | Noticed a two-headed ogre
 16458 | D:10     | Killed a two-headed ogre
 16461 | D:10     | Killed a two-headed ogre
 16462 | D:10     | Reached skill level 10 in Spellcasting
 16462 | D:10     | Reached skill level 1 in Ice Magic
 16950 | D:10     | Reached skill level 1 in Evocations
 16959 | D:10     | Offered knowledge of Flame Wave by Vehumet.
 17424 | D:11     | Noticed a two-headed ogre
 17458 | D:11     | Killed a two-headed ogre
 17761 | D:11     | You fall into a shaft and drop 2 floors!
 17786 | D:13     | Reached skill level 9 in Air Magic
 17866 | D:13     | Noticed a death knight
 18044 | D:12     | Noticed a skeletal warrior
 18292 | D:11     | Reached skill level 5 in Evocations
 18618 | D:11     | Found a staircase to the Orcish Mines.
 18640 | D:11     | Reached **** piety under Vehumet
 18650 | D:11     | Offered knowledge of Fulminant Prism by Vehumet.
 18946 | D:11     | Found a sparkling altar of Nemelex Xobeh.
 18977 | D:11     | Found a staircase to the Lair.
 19760 | Lair:1   | Entered Level 1 of the Lair of Beasts
 20091 | Lair:1   | Reached skill level 5 in Dodging
 20772 | Lair:1   | Reached XP level 12. HP: 63/63 MP: 24/27
 21027 | Lair:1   | Identified the -4 cloak of the Sun {rPois}
 21757 | Lair:2   | Reached ***** piety under Vehumet
 21757 | Lair:2   | Offered knowledge of Airstrike by Vehumet.
 21767 | Lair:2   | Reached skill level 10 in Air Magic
 21896 | Lair:1   | Learned a level 4 spell: Airstrike
 24961 | Lair:3   | Noticed a boulder beetle
 24986 | Lair:3   | Killed a boulder beetle
 25203 | Lair:3   | Reached skill level 11 in Air Magic
 25308 | Lair:3   | Found a staircase to the Snake Pit.
 25730 | Lair:3   | Noticed a dire elephant
 25751 | Lair:3   | Found a runed translucent door.
 26441 | Lair:3   | Killed a dire elephant
 26442 | Lair:3   | Reached XP level 13. HP: 70/70 MP: 18/30
 27440 | Lair:4   | Found a frozen archway.
 27608 | IceCv    | Entered an ice cave
 27719 | IceCv    | Offered knowledge of Olgreb's Toxic Radiance by Vehumet.
 28869 | Lair:4   | Found a staircase to the Swamp.
 29429 | Lair:4   | Reached skill level 10 in Fighting
 29685 | Lair:4   | Acquired 1192 gold pieces
 30333 | Lair:5   | Reached skill level 10 in Dodging
 30679 | Lair:5   | Reached skill level 10 in Evocations
 31247 | Lair:5   | Found a runed translucent door.
 31247 | Lair:5   | Found a shimmering altar of Xom.
 31247 | Lair:5   | Noticed Mumum's ghost (journeyman DrFE)
 32001 | Lair:6   | Entered Level 6 of the Lair of Beasts
 32016 | Lair:6   | Reached skill level 5 in Polearms
 33379 | Lair:6   | Reached XP level 14. HP: 77/77 MP: 15/31
 34914 | Lair:6   | Found a staircase to the Slime Pits.
 35146 | Lair:6   | Offered knowledge of Lightning Bolt by Vehumet.
 38712 | Lair:6   | Identified the +5 morningstar of the Aged Dances {freeze,
                  | Stlth+}
 39479 | Lair:6   | Found a staircase to the Slime Pits.
 40039 | D:11     | Found a staircase to the Lair.
 40750 | D:11     | Found a sparkling altar of Nemelex Xobeh.
 41016 | D:11     | Found a staircase to the Orcish Mines.
 44266 | D:13     | Reached skill level 12 in Air Magic
 44620 | D:13     | Noticed Josephine
 44716 | D:13     | Killed Josephine
 50062 | D:14     | Reached XP level 15. HP: 83/83 MP: 21/34
 51696 | D:14     | Found a gate to the Vaults.
 53047 | D:14     | Found a gate to the Vaults.
 53415 | D:15     | Entered Level 15 of the Dungeon
 53445 | D:15     | Noticed Louise
 53776 | D:14     | Reached skill level 1 in Shields
 54289 | D:15     | Found a staircase to the Depths.
 54398 | D:15     | Reached skill level 13 in Air Magic
 54843 | D:15     | Killed Louise
 56464 | Orc:1    | Entered Level 1 of the Orcish Mines
 57824 | Orc:2    | Entered Level 2 of the Orcish Mines
 58478 | Orc:2    | Offered knowledge of Conjure Ball Lightning by Vehumet.
 58486 | Orc:2    | Learned a level 6 spell: Conjure Ball Lightning
 59327 | Orc:2    | Found a staircase to the Elven Halls.
 61627 | Orc:2    | Found Gyrrehie's Armour Shop.
 61627 | Orc:2    | Found Acweiq's Book Shoppe.
 61627 | Orc:2    | Found Rimar's Assorted Antiques.
 61629 | Orc:2    | Found Pazalac's Distillery.
 61634 | Orc:2    | Bought a book of the Sky for 660 gold pieces
 61636 | Orc:2    | Bought a potion of haste for 310 gold pieces
 61641 | Orc:2    | Bought 2 potions of curing for 66 gold pieces
 61641 | Orc:2    | Bought a potion of heal wounds for 55 gold pieces
 61641 | Orc:2    | Bought 2 potions of flight for 66 gold pieces
 61641 | Orc:2    | Bought a potion of magic for 88 gold pieces
 61641 | Orc:2    | Bought a potion of cancellation for 88 gold pieces
 61641 | Orc:2    | Bought a potion of mutation for 88 gold pieces
 61650 | Orc:2    | Learned a level 8 spell: Maxwell's Capacitive Coupling
 61658 | Orc:2    | Learned a level 7 spell: Storm Form
 61801 | Snake:1  | Entered Level 1 of the Snake Pit
 62546 | Snake:1  | Noticed Roxanne
 62580 | Snake:1  | Found Maexzuiq's Antique Armour Shoppe.
 62581 | Snake:1  | Found Nur Teow's Assorted Antiques.
 62581 | Snake:1  | Found Soesueha's Antique Armour Emporium.
 62584 | Snake:1  | Bought an embroidered cloak for 165 gold pieces
 62585 | Snake:1  | Found Ewuezxit's Antique Armour Emporium.
 62588 | Snake:1  | Bought a wand of acid (5) for 264 gold pieces
 62588 | Snake:1  | Bought a scroll of acquirement for 1716 gold pieces
 62588 | Snake:1  | Bought a scroll of summoning for 313 gold pieces
 62588 | Snake:1  | Bought a scroll of fog for 66 gold pieces
 62588 | Snake:1  | Bought a scroll labelled VIAGURPH ZYL BIO for 33 gold
                  | pieces
 62588 | Snake:1  | Bought a scroll of magic mapping for 115 gold pieces
 62588 | Snake:1  | Bought a wand of iceblast (3) for 132 gold pieces
 62588 | Snake:1  | Acquired the ring of Citopn {rElec rC+ Int+7}
 63102 | Snake:1  | Noticed Jorgrun
 63109 | Snake:1  | Killed Jorgrun
 63109 | Snake:1  | Offered knowledge of Orb of Destruction by Vehumet.
 63120 | Snake:1  | Noticed Aizul
 63946 | Snake:1  | Found Soesueha's Antique Armour Emporium.
 63948 | Snake:1  | Found Ewuezxit's Antique Armour Emporium.
 63948 | Snake:1  | Found Maexzuiq's Antique Armour Shoppe.
 63952 | Snake:1  | Found Nur Teow's Assorted Antiques.
 63995 | Snake:1  | Killed Aizul
 65583 | Snake:2  | Reached skill level 14 in Air Magic
 65927 | Snake:2  | Reached XP level 16. HP: 90/90 MP: 30/35
 67963 | Snake:2  | Reached skill level 15 in Air Magic
 69663 | Snake:3  | Noticed Vashnia
 70626 | Snake:3  | Identified the ring "Xearuwkizack" {rN++ Int+6 Dex+4 SInv}
 70668 | Snake:3  | Found Lephikh's Distillery.
 70670 | Snake:3  | Found Wuro's Assorted Antiques.
 70672 | Snake:3  | Found Eloiff's Book Boutique.
 70868 | Snake:3  | Noticed Nikola
 70877 | Snake:3  | Noticed Mlioglotl
 71081 | Snake:3  | Killed Vashnia
 71082 | Snake:3  | Reached skill level 16 in Air Magic
 71094 | Snake:3  | Killed Nikola
 71371 | Snake:3  | Killed Mlioglotl
 71476 | Snake:3  | Offered knowledge of Fireball by Vehumet.
 72161 | Snake:4  | Entered Level 4 of the Snake Pit
 72809 | Snake:4  | Found a runed translucent gate.
 72809 | Snake:4  | Found a runed translucent gate.
 72810 | Snake:4  | Found a runed translucent gate.
 72810 | Snake:4  | Found an opulent altar of Gozag.
 72811 | Snake:4  | Noticed nogo's ghost (adept SpEn)
 73776 | Snake:4  | Reached skill level 17 in Air Magic
 74935 | Snake:4  | Reached XP level 17. HP: 94/94 MP: 22/36
 75088 | Snake:4  | Offered knowledge of Lehudib's Crystal Spear by Vehumet.
 75577 | Snake:4  | Reached skill level 18 in Air Magic
 75632 | Snake:4  | Got a serpentine rune of Zot
 75939 | Swamp:1  | Entered Level 1 of the Swamp
 76429 | Swamp:1  | Found a transporter.
 76996 | Swamp:1  | Identified the +1 leather armour "Xaic" {Dex+2}
 77001 | Swamp:1  | Found a transporter.
 77001 | Swamp:1  | Noticed Vudadgh's ghost (adept HuWr)
 77044 | Swamp:1  | Found a one-way gate to the infinite horrors of the Abyss.
 78196 | Snake:4  | Killed nogo's ghost
 78492 | Swamp:2  | Reached skill level 19 in Air Magic
 78763 | Swamp:1  | Noticed a hellephant
 80339 | Orc:2    | Found a staircase to the Elven Halls.
 80437 | Orc:2    | Found Gyrrehie's Armour Shop.
 80437 | Orc:2    | Found Acweiq's Book Shoppe.
 80437 | Orc:2    | Found Rimar's Assorted Antiques.
 80439 | Orc:2    | Found Pazalac's Distillery.
 80708 | Elf:1    | Entered Level 1 of the Elven Halls
 82418 | Elf:1    | Reached skill level 20 in Air Magic
 82518 | Elf:1    | Identified the +2 war axe of the Lame Duck {venom, Int-3
                  | Dex+10}
 82559 | Elf:1    | Found a runed translucent gate.
 82559 | Elf:1    | Found a runed translucent gate.
 82559 | Elf:1    | Found a runed translucent gate.
 82559 | Elf:1    | Found a runed translucent gate.
 82559 | Elf:1    | Found a runed translucent gate.
 82560 | Elf:1    | Found a runed translucent gate.
 83343 | Elf:1    | Found Esaimago's Distillery.
 83349 | Elf:1    | Bought a potion of heal wounds for 80 gold pieces
 83349 | Elf:1    | Bought a potion of ambrosia for 128 gold pieces
 84066 | Elf:1    | Reached XP level 18. HP: 99/99 MP: 28/37
 84423 | Elf:2    | Found a flickering gateway to a bazaar.
 84441 | Bazaar   | Entered a bazaar
 84441 | Bazaar   | Found Zit Tutt's Magic Scroll Shoppe.
 84441 | Bazaar   | Found Kiosailo's Assorted Antiques.
 84449 | Bazaar   | Found Ciavosko's Magic Scroll Emporium.
 84449 | Bazaar   | Found Xuvvaof's General Store.
 84459 | Bazaar   | Bought a scroll of blinking for 97 gold pieces
 84459 | Bazaar   | Bought a scroll of blinking for 97 gold pieces
 84466 | Bazaar   | Bought a potion of heal wounds for 55 gold pieces
 84476 | Bazaar   | Bought a scroll of blinking for 120 gold pieces
 84482 | Bazaar   | Bought a potion of curing for 33 gold pieces
 84482 | Bazaar   | Bought a potion of magic for 88 gold pieces
 84482 | Bazaar   | Bought a ring of flight for 192 gold pieces
 84495 | Bazaar   | Bought a scroll of fear for 45 gold pieces
 84495 | Bazaar   | Bought 2 scrolls of fog for 52 gold pieces
 84497 | Bazaar   | Bought a scroll of holy word for 97 gold pieces
 84511 | Bazaar   | Bought a scroll of fear for 21 gold pieces
 84511 | Bazaar   | Bought a scroll of teleportation for 18 gold pieces
 84511 | Bazaar   | Bought a scroll of teleportation for 18 gold pieces
 84511 | Bazaar   | Bought a scroll of teleportation for 18 gold pieces
 84511 | Bazaar   | Bought a scroll of enchant armour for 45 gold pieces
 85368 | Elf:2    | Reached ****** piety under Vehumet
 85368 | Elf:2    | Offered knowledge of Fire Storm by Vehumet.
 85368 | Elf:2    | Offered knowledge of Chain Lightning by Vehumet.
 85368 | Elf:2    | Offered knowledge of Polar Vortex by Vehumet.
 85369 | Elf:2    | Reached skill level 15 in Spellcasting
 85484 | Elf:1    | Learned a level 9 spell: Chain Lightning
 85589 | Elf:2    | Reached skill level 1 in Conjurations
 87739 | Elf:2    | Found a runed translucent gate.
 87739 | Elf:2    | Found a runed translucent gate.
 87740 | Elf:2    | Found a runed translucent gate.
 87918 | Elf:2    | Reached skill level 5 in Conjurations
 89445 | Elf:3    | Entered Level 3 of the Elven Halls
 89503 | Elf:3    | Found Upleeroa's Assorted Antiques.
 89509 | Elf:3    | Bought a scroll of fog for 58 gold pieces
 89509 | Elf:3    | Bought a glowing scarf for 232 gold pieces
 89509 | Elf:3    | Bought a scroll of enchant armour for 217 gold pieces
 89938 | Elf:3    | Found Vajoblab's Specific Store.
 89939 | Elf:3    | Found Vezxyle's General Store.
 91991 | Elf:3    | Found Upleeroa's Assorted Antiques.
 92867 | Elf:3    | Found Vajoblab's Specific Store.
 92869 | Elf:3    | Found Vezxyle's General Store.
 93133 | Elf:3    | Found Vajoblab's Specific Store.
 93133 | Elf:3    | Found Vezxyle's General Store.
 93210 | Elf:3    | Found Upleeroa's Assorted Antiques.
 94373 | Elf:3    | Found Upleeroa's Assorted Antiques.
 94532 | Elf:3    | Found Vajoblab's Specific Store.
 94536 | Elf:3    | Found Vezxyle's General Store.
 94716 | Elf:3    | Identified the ring of Jipahel {rF+ rC+ Str+6 Dex+4 SInv}
 94727 | Elf:3    | Identified the +9 trident of Shrieking Terror {vorpal, rC+}
 94968 | Elf:3    | Identified the +4 falchion of Resourcefulness {venom,
                  | +Blink Will- Str+6 Stlth+}
 95433 | Elf:3    | Reached XP level 19. HP: 104/104 MP: 37/39
 96001 | Elf:3    | Identified the +4 scale mail of Intense Intercession {-Tele
                  | Will+ Int+3 Stlth+}
 96001 | Elf:3    | Identified the ring of the Final Queens {*Slow Will+ rCorr
                  | Str+4}
 96833 | Elf:3    | Got the Grimoire of Darkness and Execration
 96936 | Elf:3    | Identified the +0 plate armour "Zoasch Umni" {Drain rN+++
                  | Int+7}
 97318 | Vaults:1 | Entered Level 1 of the Vaults
 97596 | Vaults:1 | Reached skill level 10 in Conjurations
 97979 | Vaults:1 | Found Rionk's Jewellery Emporium.
 98757 | Vaults:1 | Found a white marble altar of Elyvilon.
 98757 | Vaults:1 | Found a glowing golden altar of the Shining One.
 98757 | Vaults:1 | Found a glowing silver altar of Zin.
102713 | Vaults:2 | Reached XP level 20. HP: 112/112 MP: 31/40
103252 | Vaults:3 | Found a staircase to the Crypt.
104371 | Vaults:3 | Reached skill level 15 in Fighting
105565 | Vaults:4 | Noticed Xtahua
105574 | Vaults:4 | Killed Xtahua
106862 | Vaults:4 | Identified the +0 short sword of Amuakeewk {holy, rC- rN+++
                  | Will+ Int+2}
107776 | Vaults:4 | Found a huge runed gate.
107777 | Vaults:4 | Found a huge runed gate.
107777 | Vaults:4 | Found a huge runed gate.
107777 | Vaults:4 | Found a huge runed gate.
107777 | Vaults:4 | Found a huge runed gate.
107778 | Vaults:4 | Found a huge runed gate.
107778 | Vaults:4 | Found a huge runed gate.
107778 | Vaults:4 | Found a huge runed gate.
107779 | Vaults:4 | Found a huge runed gate.
107783 | Vaults:4 | Found a huge runed gate.
107783 | Vaults:4 | Found a huge runed gate.
107783 | Vaults:4 | Found a huge runed gate.
107783 | Vaults:4 | Found a huge runed gate.
107784 | Vaults:4 | Found a huge runed gate.
107785 | Vaults:4 | Found a huge runed gate.
107786 | Vaults:4 | Found a huge runed gate.
107787 | Vaults:4 | Found a huge runed gate.
107788 | Vaults:4 | Found a huge runed gate.
107794 | Vaults:4 | Found a huge runed gate.
107794 | Vaults:4 | Found a huge runed gate.
107794 | Vaults:4 | Found a huge runed gate.
107794 | Vaults:4 | Found a huge runed gate.
107795 | Vaults:4 | Found a huge runed gate.
107796 | Vaults:4 | Found a huge runed gate.
107797 | Vaults:4 | Found a huge runed gate.
107798 | Vaults:4 | Found a huge runed gate.
107799 | Vaults:4 | Found a huge runed gate.
107805 | Vaults:4 | Found a huge runed gate.
107805 | Vaults:4 | Found a huge runed gate.
107805 | Vaults:4 | Found a huge runed gate.
107805 | Vaults:4 | Found a huge runed gate.
107806 | Vaults:4 | Found a huge runed gate.
107807 | Vaults:4 | Found a huge runed gate.
107808 | Vaults:4 | Found a huge runed gate.
107809 | Vaults:4 | Found a huge runed gate.
107810 | Vaults:4 | Found a huge runed gate.
108123 | Depths:1 | Entered Level 1 of the Depths
109732 | Swamp:3  | Reached XP level 21. HP: 100/117 MP: 40/43
110383 | Swamp:3  | Acquired 558 gold pieces
110477 | Swamp:4  | Entered Level 4 of the Swamp
112483 | Swamp:4  | Got a decaying rune of Zot
112753 | Depths:1 | Found a gateway to Hell.
113417 | D:15     | Found a staircase to the Depths.
114560 | Depths:1 | Reached skill level 15 in Conjurations
115053 | Depths:1 | Found an ancient bone altar of Kikubaaqudgha.
115068 | Depths:1 | Found a one-way gateway to a ziggurat.
116037 | Depths:2 | Found Tejao's Armour Shoppe.
117350 | Depths:2 | Noticed a golden dragon
117806 | Depths:2 | Killed a golden dragon
118337 | Depths:2 | Found a broken altar of Ashenzari.
119351 | Depths:2 | Found a one-way gate leading to the halls of Pandemonium.
119522 | Depths:2 | Found a broken altar of Ashenzari.
119722 | Depths:2 | Found a one-way gate leading to the halls of Pandemonium.
121157 | Depths:3 | Reached XP level 22. HP: 122/122 MP: 33/45
121612 | Depths:3 | Found a runed translucent door.
121940 | Depths:3 | Reached skill level 21 in Air Magic
123475 | Depths:3 | Found a glowing golden altar of the Shining One.
124426 | Depths:3 | Found a glowing golden altar of the Shining One.
124594 | Depths:4 | Entered Level 4 of the Depths
126116 | Depths:4 | Acquired 1025 gold pieces
126892 | Depths:4 | Identified the +1 scale mail "Nedwire" {Int+2 SInv}
126975 | Depths:4 | Found Timan's Jewellery Shop.
126976 | Depths:4 | Found Gaxurio's Jewellery Shop.
126976 | Depths:4 | Found Cegien's Book Shoppe.
126983 | Depths:4 | Bought a manual of Evocations for 1440 gold pieces
128323 | Depths:4 | Noticed a golden dragon
128975 | Depths:4 | Killed a golden dragon
129153 | Depths:4 | Found a gate to the Realm of Zot.
129447 | Slime:1  | Entered Level 1 of the Pits of Slime
133589 | Slime:4  | Noticed Dissolution
133624 | Slime:3  | Reached skill level 22 in Air Magic
133847 | Slime:4  | Killed Dissolution
134328 | Slime:5  | Entered Level 5 of the Pits of Slime
134944 | Slime:5  | Reached XP level 23. HP: 102/126 MP: 34/46
135153 | Slime:5  | Gained mutation: You sometimes lose the ability to read
                  | scrolls when taking damage. [a shining eye]
135286 | Slime:4  | Lost mutation: You sometimes lose the ability to read
                  | scrolls when taking damage. [potion of mutation]
135286 | Slime:4  | Gained mutation: Your muscles are strong. (Str +2) [potion
                  | of mutation]
135286 | Slime:4  | Gained mutation: You are agile. (Dex +2) [potion of
                  | mutation]
135286 | Slime:4  | Gained mutation: You possess an exceptional clarity of
                  | mind. [potion of mutation]
135418 | Slime:5  | Noticed the Royal Jelly
135422 | Slime:5  | Killed the Royal Jelly
136275 | Slime:5  | Killed from afar by an acid blob

Illustrated notes

Levels and vault maps discovered:
D:1:      shiori_arrival_oz, layout_rooms,
          hellmonk_ecumenical_altar_arch_garden, minmay_door_square
D:2:      layout_rooms
D:3:      layout_rooms, st_stairs_4
D:4:      layout_basic
D:5:      layout_basic, serial_shops, shop_coins
D:6:      layout_loops_ring, mainiacjoe_overflow_alcove_1, ebering_ghost_xom,
          portal_sewer_entry_f
D:7:      layout_rooms, minmay_temple_entry_butterflies, enter_bailey_3,
          hellmonk_guarded_unrand_night
D:8:      nzn_winding_woodlands_stair_cross
          [nzn_winding_woodlands_5x15_pathside_ponds,
          nzn_winding_woodlands_center_pierced_h,
          nzn_winding_woodlands_5x15_eye, nzn_winding_woodlands_5x5_three,
          nzn_winding_woodlands_5x5_cross,
          nzn_winding_woodlands_5x15_river_crossing,
          nzn_winding_woodlands_center_garden,
          nzn_winding_woodlands_5x15_concentric], layout_cave_pools,
          serial_column_ruins, column_ruins_hut, column_ruins_square_large,
          column_ruins_columns_straight, column_ruins_open_large,
          column_ruins_open_tiny, column_ruins_corridor_plus, uniq_erica
D:9:      layout_rooms, uniq_maurice
D:10:     layout_long_grid
D:11:     layout_layer_cave, david_lair_shrubbed,
          kennysheep_orc_monster_closet_entryway, minmay_misc_feat_pillars,
          nemelex_lonely_heart_becter
D:12:     layout_cave_pools, small_statue_intersection
D:13:     layout_basic, gauntlet_entry_generic, uniq_josephine
D:14:     layout_rooms, erik_vaults_1, palyth_stone_intersect
D:15:     gammafunk_depths_entry_grave, layout_loops_corners, serial_glass,
          glass_columns_a, glass_columns_b, minmay_misc_feat_four_crosses,
          uniq_louise
Temple:   kilobyte_greek_temple
Lair:1:   layout_layer_cave, hibernation_bobbens
Lair:2:   layout_gridlike
Lair:3:   gammafunk_lair_enchanted_lake, layout_misc_corridors,
          guppyfry_snake_entry_garden
Lair:4:   layout_regular_city, skrybe_swamp_entry_bodies,
          portal_ice_cave_entry_animals_and_master, lookout_lair_type
Lair:5:   layout_regular_city, ebering_ghost_xom, infiniplex_staircase_pool
Lair:6:   grunt_lair_end_beastmaster, layout_loops_ring,
          nicolae_slime_entry_slimehenge, nzn_sisyphean_effort
Swamp:1:  layout_falls_marsh, gammafunk_ghost_abyssal_escape,
          nicolae_swamp_small_spring, swamp_pool2, cheibrodos_swamp_minitomb
Swamp:2:  layout_basic_swamp, evilmike_swamp_ruin_house_4
Swamp:3:  layout_basic_swamp, evilmike_swamp_ruin_house_1, swamp_pool1
Swamp:4:  swamp_basic_johnstein, layout_basic_swamp
Snake:1:  layout_layer_cave, grunt_megastairs_2, minmay_shoptagon, uniq_roxanne,
          uniq_jorgrun, uniq_aizul
Snake:2:  layout_grid_maze
Snake:3:  nicolae_snake_hallway, layout_onion_interference,
          serial_bayou_shore_b, grunt_megastairs_5, serial_bayou_shore_b,
          minmay_shop_star, uniq_nikola, uniq_mlioglotl, uniq_vashnia
Snake:4:  minmay_snake_end_coiled, layout_cave_town, ebering_ghost_gozag
Slime:1:  layout_caves
Slime:2:  layout_caves
Slime:3:  layout_caves
Slime:4:  layout_caves, uniq_dissolution
Slime:5
Orc:1:    layout_caves
Orc:2:    st_orc_rangers, layout_diamond_mine
Elf:1:    elf_arrival_001, layout_loops_ring, serial_shops, shop, orc_legates,
          minivault_16
Elf:2:    elven_hall_of_blades_hangedman_original
          [nicolae_blade_entry_pointy_end], layout_loops_corners, serial_shops,
          bzr_entry_islet, minmay_the_grid_square_5x5_3x3_mashed
          [minmay_the_grid_square_5x5_beaten_path,
          minmay_the_grid_square_5x5_broken_cross,
          minmay_the_grid_square_5x5_longway,
          minmay_the_grid_square_5x5_two_small,
          minmay_the_grid_square_5x5_megaprize_checkered,
          minmay_the_grid_square_5x5_plus, minmay_the_grid_square_5x5_minivault,
          minmay_the_grid_square_5x5_three_small,
          minmay_the_grid_square_5x5_meh]
Elf:3:    minmay_elf_hall_four_x, layout_gridlike, serial_shops,
          nicolae_shop_crystal, nicolae_specific_store, roderic_roman_lattice
Vaults:1: portal_desolation_entry_holy_temple, ontoclasm_vaults_bender,
          vaults_standard_mumra_lines, nicolae_vaults_theta,
          nicolae_vaults_twisting_passages, grunt_vaults_trifunnel,
          nicolae_vaults_mini_display_case, vaults_room_corners,
          layout_vaults_ring, serial_shops, shop_coins
Vaults:2: v_misc_19, hangedman_vaults_slither, v_misc_9, v_misc_15,
          ontoclasm_vaults_spin, vaults_room_pools, ontoclasm_vaults_fault,
          v_misc_31, nicolae_vaults_back_hallway, v_misc_9,
          vaults_mumra_chevron_long, vaults_room_pool,
          grunt_vaults_hallway_short, nicolae_vaults_rhombus_6, v_misc_27,
          layout_vaults_maze_bifur
Vaults:3: minmay_crypt_entry_simple_box, v_misc_24,
          nicolae_vaults_circle_grid_a, v_alt_pattern_1, st_octagons_2,
          ontoclasm_vaults_claustrophobia, v_misc_3, layout_vaults_omnibox
Vaults:4: vaults_room_semicircle, door_vault, vaults_mumra_hex, v_misc_30,
          vaults_room_fours, hangedman_vaults_trim,
          ontoclasm_vaults_decontamination, vaults_room_stairs_pillars,
          layout_vaults_quadrants, uniq_xtahua
Depths:1: layout_forbidden_donut, enter_ziggurat_f, kiku_gazebo_garden_becter,
          hell_entry, nrook_loot_triangle, drop_trap, minivault_10,
          due_unseen_surprise, kennysheep_cross_landing
Depths:2: minmay_inner_zag, layout_cave_shapes, pan_entry,
          ashenzari_conservatory_becter, grunt_hell_entry_demonic_statue,
          nicolae_stop_n_shop_2, infiniplex_staircase_pool_2
Depths:3: grunt_house_of_mirrors, layout_gridville, hangedman_tar_grid_catacomb,
          marbit_kobold_abyss_entry, nicolae_tso_carved_into_rock,
          minmay_acid_items
Depths:4: grunt_zot_entry_hairpin, layout_cave_pools, minmay_misc_feat_hallway,
          pf_coc_iceberg, serial_bayou_shore_b, serial_bayou_shore_b,
          minmay_shop_grove

Skill      XL: |  1  2  3  4  5  6  7  8  9 10 11 12 13 14 15 16 17 18 19 20 21 22 |
---------------+-------------------------------------------------------------------+-----
Spellcasting   | 3 4 5 8 9 10 12 14 15 17 18 | 18.0
Stealth        | 4 5 |  5.0
Air Magic      | 2 3 5 7 8 9 11 12 14 17 20 22 | 22.4
Summonings     | 4 5 6 7 |  7.0
Fighting       | 1 2 5 6 7 9 10 11 12 13 14 15 | 15.0
Throwing       | 2 |  2.0
Polearms       | 2 3 5 |  5.0
Ice Magic      | 2 |  2.0
Evocations     | 5 6 10 | 10.0
Dodging        | 5 7 10 12 | 12.0
Shields        | 4 |  4.0
Conjurations   | 9 11 13 15 17 | 17.4

Action                   |  1- 3 |  4- 6 |  7- 9 | 10-12 | 13-15 | 16-18 | 19-21 | 22-24 || total
-------------------------+-------+-------+-------+-------+-------+-------+-------+-------++-------
Melee: Dagger            |    37 |     8 |       |       |       |       |       |       ||    45
       Spear             |       |    41 |   194 |   191 |       |       |       |       ||   426
       Punch             |       |       |     2 |     3 |       |       |       |       ||     5
       Trident           |       |       |       |   103 |   158 |     3 |       |       ||   264
       Staff             |       |       |       |       |       |       |     4 |     7 ||    11
Throw: Dart              |       |       |       |     3 |       |       |       |       ||     3
 Cast: Summon Small Mamm |    43 |    30 |     5 |     2 |       |       |       |       ||    80
       Call Imp          |    34 |    22 |    23 |    21 |     3 |       |     2 |       ||   105
       Summon Lightning  |       |    13 |    62 |   129 |   201 |    39 |    11 |     1 ||   456
       Static Discharge  |       |       |       |    21 |    86 |       |       |       ||   107
       Airstrike         |       |       |       |    95 |   784 |   571 |    94 |    45 ||  1589
       Frozen Ramparts   |       |       |       |       |     4 |       |       |       ||     4
       Maxwell's Capacit |       |       |       |       |    10 |   174 |   412 |   144 ||   740
       Conjure Ball Ligh |       |       |       |       |     1 |     4 |    22 |     3 ||    30
       Chain Lightning   |       |       |       |       |       |       |       |    20 ||    20
Evoke: Wand              |       |       |     3 |    21 |     4 |     3 |     3 |     1 ||    35
       Tin of tremorston |       |       |       |       |     3 |       |       |       ||     3
       Box of beasts     |       |       |       |       |     1 |     1 |     1 |       ||     3
       Phial of floods   |       |       |       |       |     1 |     1 |       |       ||     2
       Phantom mirror    |       |       |       |       |       |     2 |     1 |       ||     3
  Use: Potion            |       |       |    13 |     7 |       |    15 |     2 |     1 ||    38
       Scroll            |       |       |     6 |    12 |    12 |    15 |    10 |     6 ||    61
 Stab: Sleeping          |     5 |       |     9 |     1 |       |       |     1 |     1 ||    17
       Distracted        |       |     3 |    10 |    21 |     4 |       |       |       ||    38
       Invisible         |       |       |     1 |       |       |       |       |       ||     1
       Paralysed         |       |       |       |     6 |    12 |       |       |       ||    18
Armor: Robe              |     8 |     2 |    26 |    94 |   126 |    44 |    60 |    63 ||   423
       Ice dragon scales |       |       |       |       |    19 |       |       |       ||    19
Dodge: Dodged            |    35 |    34 |   146 |   300 |   663 |   252 |   471 |   344 ||  2245
